 Dungeon Crawl Stone Soup version 0.26.1-11-gd32895ea62 (webtiles) character file.

Game seed: 12325047204856058865

5455 Zeld the Geomancer (level 10, -2/50 HPs)
             Began as a Gargoyle Earth Elementalist on Sept 29, 2021.
             Was an Initiate of Gozag.
             Killed from afar by Erica (12 damage)
             ... with a lance of force
             ... on level 9 of the Dungeon.
             The game lasted 00:20:25 (14518 turns).

Zeld the Geomancer (Gargoyle Earth Elementalist)   Turns: 14518, Time: 00:20:26

Health: -2/50      AC: 12    Str: 12    XL:     10   Next: 68%
Magic:  15/21      EV: 13    Int: 19    God:    Gozag
Gold:   705        SH:  0    Dex: 10    Spells: 8/23 levels left

rFire    . . .     SeeInvis .   a - +1 short sword (elec)
rCold    . . .     Faith    .   (no shield)
rNeg     + . .     Spirit   .   t - +2 robe
rPois    ∞         Reflect  .   (no helmet)
rElec    +         Harm     .   h - +0 cloak
rCorr    .         Rampage  .   (no gloves)
Will     .....                  (no boots)
Stlth    +++.......             (no amulet)
HPRegen  0.16/turn              (no ring)
MPRegen  0.17/turn              (no ring)

@: slowed, very slow
A: negative energy resistance 1, electricity resistance, unbreathing,
petrification resistance, miasma immunity, AC +7
a: Renounce Religion, Potion Petition, Call Merchant, Bribe Branch


You were on level 9 of the Dungeon.
You worshipped Gozag.
Gozag was pleased with you.
You visited 2 branches of the dungeon, and saw 10 of its levels.

You collected 875 gold pieces.
You paid 170 gold pieces to Gozag.

Inventory:

Hand Weapons
 a - a +1 short sword of electrocution (weapon)
Missiles
 w - 153 stones (quivered)
Armour
 h - a +0 cloak (worn)
 t - a +2 robe (worn)
Jewellery
 k - a +4 ring of evasion
 p - an uncursed ring of poison resistance {unknown}
 s - an uncursed amulet of reflection {unknown}
Wands
 y - a wand of flame (11)
 D - a wand of paralysis (5)
 E - a wand of digging (2)
Scrolls
 c - 2 scrolls of amnesia {unknown}
 d - 8 scrolls of identify {unknown}
 f - 2 scrolls of enchant armour {unknown}
 j - a scroll of enchant weapon {unknown}
 m - 5 scrolls of teleportation {unknown}
 q - 4 scrolls of magic mapping {unknown}
 r - 2 scrolls of blinking {unknown}
 x - 2 scrolls of random uselessness {unknown}
 A - a scroll of immolation {unknown}
 C - 3 scrolls of remove curse {unknown}
Potions
 b - 3 potions of curing {unknown}
 e - 4 potions of degeneration {unknown}
 i - 2 potions of attraction {unknown}
 l - 2 potions of brilliance {unknown}
 n - a potion of flight {unknown}
 o - a potion of resistance {unknown}
 u - a potion of berserk rage {unknown}
 v - a potion of lignification {unknown}
 B - 2 potions of heal wounds {unknown}


   Skills:
 + Level 5.6 Armour
 + Level 4.8 Dodging
 + Level 6.9 Stealth
 * Level 7.4 Spellcasting
 + Level 5.8 Conjurations
 - Level 1.0 Transmutations
 * Level 10.1 Earth Magic


You had 8 spell levels left.
You knew the following spells:

 Your Spells              Type           Power        Failure   Level
a - Sandblast             Erth           90%          1%          1
b - Passwall              Tmut/Erth      23%          1%          2
c - Stone Arrow           Conj/Erth      74%          1%          3
d - Petrify               Tmut/Erth      28%          10%         4
e - Lee's Rapid Deconstr  Erth           22%          4%          5

Your spell library contained the following spells:

 Spells                   Type           Power        Failure   Level
 Magic Dart               Conj           100%         1%          1
 Conjure Flame            Conj/Fire      18%          9%          3
 Summon Small Mammal      Summ           28%          10%         1
 Mephitic Cloud           Conj/Pois/Air  14%          13%         3
 Blink                    Tloc           N/A          14%         2
 Call Imp                 Summ           7%           14%         2
 Slow                     Hex            7%           14%         2
 Call Canine Familiar     Summ           7%           28%         3
 Summon Guardian Golem    Hex/Summ       7%           28%         3
 Summon Ice Beast         Ice/Summ       7%           67%         4
 Summon Lightning Spire   Summ/Air       7%           67%         4


Dungeon Overview and Level Annotations

Branches:
Dungeon (9/15)             Temple (1/1) D:7            Lair (0/6) D:8
    Orc: D:9-12

Altars:
Ashenzari
Cheibriados
Dithmenos
Elyvilon
Fedhas
Gozag
Hepliaklqana
Kikubaaqudgha
Makhleb
Nemelex Xobeh
Okawaru
Qazlal
Ru
Sif Muna
Trog
Uskayaw
Vehumet
Wu Jian
Xom
Zin
The Shining One

Annotations:
D:9 Erica


Innate Abilities, Weirdness & Mutations

You are resistant to torment.
Your stone body is resilient. (AC +7)
You are immune to poison.
You resist negative energy. (rN+)
You are resistant to electric shocks. (rElec)
You can survive without breathing.
You are immune to petrification.
You are immune to miasma.


Message History

Unknown command.
Aiming: Paralyse
Press: ? - help, Shift-Dir - straight line Nothing appears to happen.
Something hits you.
* * * LOW HITPOINT WARNING * * *
Something burns you.
* * * LOW HITPOINT WARNING * * *
Unknown command.
Unknown command.
Aiming: Paralyse
Press: ? - help, Shift-Dir - straight line Nothing appears to happen.
Something hits you.
* * * LOW HITPOINT WARNING * * *
Something burns you.
* * * LOW HITPOINT WARNING * * *
You hear some strange, mumbled words.
A lance of force appears from out of thin air!
The lance of force hits you!
You die...
Your body crumbles into a pile of gold.

#...$........#
#.##########.# ####.##
#.# .@....# #.#
######### #####.###
#.# ##.......#
.....$..### #.#
####..)####.#
#####.#$..## #.#
#......# #.#
#......####.###.##...#
#.#
#[.........{@.#.######
#.# #.......###.#.#.#
#.# #(......###.#.#.#
#.# ##............).#
#.### ################
#.... ##### .. # #.##
#### #.##


There were no monsters in sight!

Vanquished Creatures
  A two-headed ogre (D:8)
  Pikel (D:3)
  A deep elf mage (D:7)
  Maurice (D:8)
  A hornet (D:7)
  Sigmund (D:4)
  Duvessa (D:4)
  An orc warrior (D:6)
  2 phantoms
  2 sky beasts
  3 ogres
  A centaur (D:6)
  A big kobold (D:8)
  5 bullfrogs
  2 water moccasin zombies
  Dowan (D:4)
  A wyvern skeleton (D:7)
  11 wights
  3 killer bees (D:7)
  4 howler monkeys
  A centaur zombie (D:5)
  An orc priest (D:6)
  2 bullfrog skeletons (D:4)
  5 hounds
  2 jellies
  4 orc wizards
  A centaur skeleton (D:9)
  Natasha (thrice) (D:4)
  8 worker ants
  A killer bee zombie (D:7)
  A hound zombie (D:7)
  A worker ant zombie (D:6)
  A howler monkey zombie (D:5)
  13 adders
  A shadow imp (D:5)
  A white imp (D:6)
  3 ufetubi
  An ooze (D:3)
  An adder zombie (D:8)
  An adder skeleton (D:8)
  2 worms (D:2)
  3 dart slugs
  8 leopard geckos
  9 orcs
  8 giant cockroaches
  10 goblins
  4 hobgoblins
  9 jackals
  2 quokkas (D:4)
  11 bats
  3 frilled lizards
  A jackal skeleton (D:4)
  A jackal zombie (D:5)
  7 kobolds
  A leopard gecko zombie (D:5)
  8 rats
183 creatures vanquished.

Notes
Turn   | Place    | Note
-------+----------+-------------------------------------------
     0 | D:1      | Zeld the Gargoyle Earth Elementalist began the quest for
                  | the Orb.
     0 | D:1      | Reached XP level 1. HP: 10/10 MP: 3/3
     3 | D:1      | Noticed an electric eel
     4 | D:1      | Noticed an electric eel
    55 | D:1      | Reached XP level 2. HP: 14/15 MP: 0/5
    58 | D:1      | Learned a level 2 spell: Passwall
   224 | D:1      | Reached skill level 1 in Transmutations
   453 | D:1      | Reached skill level 4 in Earth Magic
   581 | D:1      | Reached XP level 3. HP: 19/19 MP: 3/6
   586 | D:1      | Learned a level 3 spell: Stone Arrow
  1233 | D:2      | Reached skill level 1 in Armour
  1233 | D:2      | Reached XP level 4. HP: 24/24 MP: 3/7
  1392 | D:2      | You fall into a shaft and drop 1 floor!
  1636 | D:2      | Reached XP level 5. HP: 28/28 MP: 3/9
  1867 | D:3      | Reached skill level 1 in Conjurations
  1952 | D:3      | Found a broken altar of Ashenzari.
  2077 | D:3      | Learned a level 4 spell: Petrify
  2503 | D:4      | Noticed Natasha
  2512 | D:4      | Reached skill level 5 in Earth Magic
  2519 | D:4      | Noticed Sigmund
  2538 | D:4      | HP: 1/28 [Natasha/magic dart (4)]
  2825 | D:4      | Killed Natasha
  2826 | D:4      | Reached XP level 6. HP: 32/32 MP: 7/10
  2902 | D:4      | Noticed Natasha
  2908 | D:4      | Killed Natasha
  2995 | D:4      | Noticed Natasha
  3243 | D:4      | Killed Natasha
  3275 | D:4      | Noticed a phantom
  4061 | D:4      | Noticed Duvessa
  4064 | D:4      | Noticed Dowan
  5203 | D:3      | Reached XP level 7. HP: 30/36 MP: 2/12
  5562 | D:4      | Noticed Pikel
  5609 | D:3      | Killed Pikel
  5610 | D:3      | Reached skill level 6 in Earth Magic
  5610 | D:3      | Reached XP level 8. HP: 37/41 MP: 2/14
  5652 | D:2      | Learned a level 5 spell: Lee's Rapid Deconstruction
  6142 | D:4      | Killed Sigmund
  6811 | D:4      | Killed Duvessa
  6812 | D:4      | Reached skill level 7 in Earth Magic
  6997 | D:4      | Killed Dowan
  6998 | D:4      | Reached skill level 5 in Spellcasting
  7103 | D:5      | Entered Level 5 of the Dungeon
  8090 | D:5      | Reached skill level 5 in Stealth
  8090 | D:5      | Reached XP level 9. HP: 38/45 MP: 2/17
  8953 | D:6      | Reached skill level 8 in Earth Magic
 10014 | D:7      | Noticed a hornet
 10019 | D:7      | Killed a hornet
 10544 | D:7      | Reached skill level 9 in Earth Magic
 10824 | D:7      | Found a shimmering altar of Xom.
 10825 | D:7      | Noticed a deep elf mage
 10829 | D:7      | Killed a deep elf mage
 10830 | D:7      | Reached skill level 5 in Armour
 10830 | D:7      | Reached skill level 5 in Conjurations
 10830 | D:7      | Reached XP level 10. HP: 50/50 MP: 9/20
 11044 | D:7      | Found a staircase to the Ecumenical Temple.
 11447 | Temple   | Entered the Ecumenical Temple
 11543 | Temple   | Became a worshipper of Gozag Ym Sagoz the Greedy
 11683 | D:8      | Found a staircase to the Lair.
 12176 | D:8      | Noticed a two-headed ogre
 12181 | D:8      | Killed a two-headed ogre
 12648 | D:8      | Noticed Maurice
 12843 | D:8      | Killed Maurice
 12844 | D:8      | Reached skill level 10 in Earth Magic
 14009 | D:9      | Noticed Erica
 14518 | D:9      | Killed from afar by Erica

Illustrated notes

Levels and vault maps discovered:
D:1:      arrival_aquarium_b, layout_rooms, serial_forest,
          infiniplex_forest_lined_3, infiniplex_forest_clump_large,
          infiniplex_forest_clump_tiny, infiniplex_forest_pool,
          infiniplex_forest_clump_cross
D:2:      wander_river, layout_rooms, kennysheep_generic_room_6
D:3:      layout_basic, ashenzari_altar_1
D:4:      layout_cave_pools, uniq_sigmund, uniq_pikel, uniq_natasha,
          uniq_duvessa
D:5:      layout_cave_pools
D:6:      layout_basic, kennysheep_generic_room_16
D:7:      layout_loops_ring, minmay_temple_entry_nine_rooms,
          david_defended_altar_elf
D:8:      layout_basic, lair_entry_dummy, uniq_maurice
D:9:      layout_loops_ring, lemuel_zombie_altar_yredelemnul, uniq_erica
Temple:   kilobyte_greek_temple

Skill      XL: |  1  2  3  4  5  6  7  8  9 10 |
---------------+-------------------------------+-----
Transmutations | 1 |  1.0
Earth Magic    | 4 5 6 7 9 10 | 10.1
Armour         | 1 2 3 5 |  5.6
Dodging        | 2 3 4 |  4.8
Conjurations   | 1 2 3 5 |  5.8
Spellcasting   | 3 4 5 6 7 |  7.4
Stealth        | 3 4 5 6 |  6.9

Action                   |  1- 3 |  4- 6 |  7- 9 | 10-12 || total
-------------------------+-------+-------+-------+-------++-------
Melee: Unarmed           |    56 |    12 |       |       ||    68
       Dagger            |       |    75 |     8 |       ||    83
       Short sword       |       |       |    36 |     5 ||    41
 Cast: Sandblast         |    35 |    74 |     3 |       ||   112
       Stone Arrow       |       |    15 |   119 |    86 ||   220
Evoke: Wand              |       |       |       |     4 ||     4
Armor: Robe              |    38 |    62 |    54 |    24 ||   178
Dodge: Dodged            |    72 |   110 |    76 |    33 ||   291
